 BcadrenCrawl: Boulder Brew version 0.03.3.1 (webtiles) character file.

Game seed: 6565165925534031053, levelgen mode: deterministic

70 Chiseanne the Unbeliever (level 4, -11/34 HPs) Gnoll Demonspawn. Began on Mar 11, 2021. Mangled by a slime creature (14 damage) ... on level 2 of the Dungeon. The game lasted 00:01:09 (566 turns).

Chiseanne the Unbeliever (Gnoll Demonspawn)          Turns: 566, Time: 00:01:10

Health: -11/34     AC:  4    Str: 16    XL:     4 ^: 64
Magic:  9/9        EV: 16    Int: 14    God:
Gold:   48         SH:  0    Dex: 16    Spells: 7/8 levels left

rFire    . . .     Vision   .   a - +0 war axe
rCold    . . .     Gourm    .     - Unarmed
rNeg     . . .     Faith    .   b - +0 leather armour
rPois    +         Spirit   .   (no helmet)
rElec    .         Reflect  .   (no cloak)
rCorr    .         Harm     .   (no gloves)
MR       .....                  e - +0 pair of boots
Stlth    +++.......             (no amulet)
HPRegen  0.21/turn              g - ring of poison resistance
MPRegen  0.19/turn              (no ring)

@: no status effects
A: distributed training, fangs 1, talons 2, strong nose
a: no special abilities


You were on level 2 of the Dungeon.
You were not hungry.

You visited 1 branch of the dungeon, and saw 2 of its levels.

You collected 48 gold pieces.

Inventory:

Weapons
 a - a +0 war axe (weapon)
Armour
 b - a +0 leather armour (worn)
 e - a +0 pair of boots (worn)
Jewellery
 g - a ring of poison resistance (left hand)
Scrolls
 f - a scroll of teleportation
 h - a scroll of summoning
Potions
 c - a potion of curing
Comestibles
 d - 2 rations


   Skills:
 + Level 2.6 Fighting
 + Level 1.0 Short Blades
 + Level 1.0 Long Blades
 + Level 4.6 Axes & Hammers
 + Level 1.0 Whips & Flails
 + Level 1.0 Polearms
 + Level 1.0 Maces & Staves
 + Level 1.0 Slings
 + Level 1.0 Bows
 + Level 1.0 Crossbows
   Level 0.0 Throwing
 + Level 1.0 Armour
 + Level 6.5 Dodging
 + Level 4.2 Stealth
 + Level 1.0 Shields
 + Level 1.0 Unarmed Combat
 + Level 2.9 Spellcasting
 + Level 0.6 Hexes
 + Level 0.6 Charms
 + Level 0.6 Summonings
 + Level 0.6 Necromancy
 + Level 0.6 Translocations
 + Level 0.6 Transmutations
 + Level 3.7 Fire Magic
 + Level 0.6 Ice Magic
 + Level 0.6 Air Magic
 + Level 0.6 Earth Magic
 + Level 0.6 Poison Magic
 + Level 6.7 Invocations
 + Level 1.0 Evocations


You had 7 spell levels left.
You knew the following spells:

 Your Spells              Type           Power        Failure   Level  Hunger
a - Flame Tongue          Fire           12 (30)      4%          1    #......

Your spell library contained the following spells:

 Spells                   Type           Power        Failure   Level  Hunger
 Conjure Flame            Fire           12 (100)     16%         3    ###....
 Blink                    Tloc           N/A          28%         2    ##.....
 Call Imp                 Summ           3 (100)      28%         2    ##.....
 Slow                     Hex            3 (100)      28%         2    ##.....
 Mephitic Cloud           Pois/Air       3 (100)      50%         3    ###....


Dungeon Overview and Level Annotations

Branches:
Dungeon (2/8)

Altars:


Innate Abilities, Weirdness & Mutations

Your experience applies equally to all skills.
You have very sharp teeth.
You have razor-sharp toenails.
Your uncanny sense of smell can sniff out nearby items.


Message History

Your Maces & Staves skill increases to level 1!
Your Slings skill increases to level 1!
Your Bows skill increases to level 1!
Your Crossbows skill increases to level 1!
Your Armour skill increases to level 1!
Your Shields skill increases to level 1!
Your Unarmed Combat skill increases to level 1!
Your Evocations skill increases to level 1!
You have reached level 4!
You feel agile.
Your demonic ancestry asserts itself...
Your toenails lengthen and sharpen.
You hit the sewer rat (6). You hit the sewer rat (2).
The sewer rat barely misses you (0). The slime creature hits you (18)!!
Ouch! That really hurt!
* * * LOW HITPOINT WARNING * * *
The sewer rat completely misses you (0).
The sewer rat misses you (0).
An ooze comes into view.
The giant cockroach closely misses you (0).
The slime creature hits you (14)!
You die... ### ##§J§ #.§.J≈ #l≈≈≈# ###lJJ.# #rrr§r# #@rsr≈# #sJrJ≈#

###r≈≈#
J≈≈#
.≈.#
#≈≈≈#
...#
....


You could see a slime creature, a jelly, 5 submerged oozes, 2 cinder newts, 8
sewer rats and 2 giant cockroaches.

Vanquished Creatures
  2 giant cockroaches (D:2)
  A sewer rat (D:2)
  2 cinder newts (D:1)
  A dart slug (D:1)
  A goblin (D:1)
  7 hobgoblins (D:1)
  2 kobolds (D:1)
  A bat (D:1)
  2 rats (D:1)
19 creatures vanquished.

Vanquished Creatures (others)
  A withered plant (D:2)
1 creature vanquished.

Grand Total: 20 creatures vanquished

Notes
Turn   | Place    | Note
-------+----------+-------------------------------------------
     0 | D:1      | Chiseanne the Gnoll Demonspawn began the quest for the Orb.
     0 | D:1      | Reached XP level 1. HP: 17/17 MP: 4/4
   103 | D:1      | Gained mutation: You have sharp toenails. [demonic
                  | ancestry]
   103 | D:1      | Reached XP level 2. HP: 23/23 MP: 6/6
   309 | D:1      | Reached XP level 3. HP: 28/28 MP: 7/7
   557 | D:2      | Noticed a slime creature
   565 | D:2      | Reached skill level 1 in Short Blades
   565 | D:2      | Reached skill level 1 in Long Blades
   565 | D:2      | Reached skill level 1 in Whips & Flails
   565 | D:2      | Reached skill level 1 in Polearms
   565 | D:2      | Reached skill level 1 in Maces & Staves
   565 | D:2      | Reached skill level 1 in Slings
   565 | D:2      | Reached skill level 1 in Bows
   565 | D:2      | Reached skill level 1 in Crossbows
   565 | D:2      | Reached skill level 1 in Armour
   565 | D:2      | Reached skill level 1 in Shields
   565 | D:2      | Reached skill level 1 in Unarmed Combat
   565 | D:2      | Reached skill level 1 in Evocations
   565 | D:2      | Gained mutation: You have razor-sharp toenails. [demonic
                  | ancestry]
   565 | D:2      | Reached XP level 4. HP: 20/34 MP: 9/9
   566 | D:2      | Mangled by a slime creature

Levels and vault maps discovered:
D:1:      sevenhm_arrival_forest_fort_large_3, layout_basic,
          minmay_strange_pillars
D:2:      layout_sewer, grunt_temple_overflow_open, lemuel_crystal_altar,
          sewer_frog_spiral, minmay_cut_off

Skill      XL: |  1  2  3 |
---------------+----------+-----
Short Blades   | 1 |  1.0
Long Blades    | 1 |  1.0
Whips & Flails | 1 |  1.0
Polearms       | 1 |  1.0
Maces & Staves | 1 |  1.0
Slings         | 1 |  1.0
Bows           | 1 |  1.0
Crossbows      | 1 |  1.0
Armour         | 1 |  1.0
Shields        | 1 |  1.0
Unarmed Combat | 1 |  1.0
Evocations     | 1 |  1.0
Fighting       | |  2.6
Axes & Hammers | |  4.6
Dodging        | |  6.5
Stealth        | |  4.2
Spellcasting   | |  2.9
Hexes          | |  0.6
Charms         | |  0.6
Summonings     | |  0.6
Necromancy     | |  0.6
Translocations | |  0.6
Transmutations | |  0.6
Fire Magic     | |  3.7
Ice Magic      | |  0.6
Air Magic      | |  0.6
Earth Magic    | |  0.6
Poison Magic   | |  0.6
Invocations    | |  6.7

Action                   |  1- 3 |  4- 6 || total
-------------------------+-------+-------++-------
Melee: War axe           |    30 |       ||    30
       Unarmed           |    13 |     1 ||    14
       Bite              |     2 |       ||     2
 Stab: Sleeping          |     2 |       ||     2
Armor: Leather armour    |     7 |       ||     7
Dodge: Dodged            |    31 |     4 ||    35
